 Dungeon Crawl Stone Soup version 0.17-a0-1646-geb1493d (webtiles) character file.

77 urechis the Magician (level 4, 23/24 HPs)
             Began as a Gargoyle Wizard on Aug 11, 2015.
             Quit the game on level 2 of the Dungeon.
             The game lasted 00:02:23 (1876 turns).

urechis the Magician (Gargoyle Wizard)              Turns: 1876, Time: 00:02:23

Health: 23/24      AC:  5    Str: 11    XL:     4   Next: 33%
Magic:  9/9        EV: 11    Int: 19    God:
Gold:   111        SH:  0    Dex:  8    Spells: 1 memorised, 9 levels left

rFire  . . .     SeeInvis .     r - +2 dagger (drain)
rCold  . . .     Clarity  .     a - +0 robe
rNeg   + . .     SustAt   .     (no shield)
rPois  ∞         Gourm    .     b - +0 hat
rElec  +         Spirit   .     (no cloak)
rCorr  .         Warding  .     (no gloves)
rMut   .         Stasis   .     (no boots)
MR     .....                    (no amulet)
Stlth  ++........               (no ring)
                                (no ring)

@: not resistant to hostile enchantments, unstealthy
A: negative energy resistance 1, electricity resistance, unbreathing,
petrification resistance, rot immunity, AC +3
a: no special abilities


You were on level 2 of the Dungeon.
You were very hungry.

You visited 1 branch of the dungeon, and saw 2 of its levels.

You collected 111 gold pieces.

Inventory:

Hand weapons
 r - a +2 dagger of draining (weapon)
Armour
 a - a +0 robe (worn)
 b - a +0 hat (worn)
Scrolls
 e - 2 scrolls of identify {unknown}
 f - a scroll of noise {unknown}
 g - a scroll of fog {unknown}
 j - a scroll of amnesia {unknown}
 k - a scroll of teleportation {unknown}
 n - a scroll of enchant armour {unknown}
 p - a scroll of remove curse {unknown}
Potions
 h - 3 potions of curing {unknown}
 i - a potion of lignification {unknown}
 m - 2 potions of haste {unknown}
 o - a potion of heal wounds {unknown}
Books
 c - a book of Minor Magic

   Spells                             Type                      Level
   a - Magic Dart                     Conjuration                  1
   b - Blink                          Translocation                2
   c - Call Imp                       Summoning                    2
   d - Repel Missiles                 Charms/Air                   2
   e - Slow                           Hexes                        2
   f - Conjure Flame                  Conjuration/Fire             3
   g - Mephitic Cloud                 Conjuration/Poison/Air       3
Comestibles
 d - 3 bread rations
 l - 2 meat rations


   Skills:
 - Level 1.5 Dodging
 - Level 2.1 Stealth
 + Level 3.9 Spellcasting
 + Level 3.1 Conjurations
   Level 0.8 Summonings
   Level 0.8 Translocations


You had 9 spell levels left.
You knew the following spells:

 Your Spells              Type           Power        Failure   Level  Hunger
a - Magic Dart            Conj           ###.         4%          1    None


Dungeon Overview and Level Annotations

Branches:
Dungeon (2/15)

Altars:


Innate Abilities, Weirdness & Mutations

You are resistant to torment.
Your stone body is resilient (AC +3).
You are immune to poison.
You resist negative energy.
You are resistant to electric shocks.
You can survive without breathing.
You are immune to petrification.
You are immune to rotting.


Message History

No target in view!
No target in view!
No target in view!
No target in view!
No target in view!
No target in view!
Magic restored.
You open the door.
There is a stone staircase leading down here.
You see here a whip.
Things that are here:
a short sword; a kobold corpse You open the door.
There is an open door here.
Found 21 stones.
No target in view!
You are feeling very hungry.
Drink which item? (? for menu, Esc to quit)
Okay, then.
Are you sure you want to abandon this character and quit the game? (Confirm with "yes".)

#.......)........#
.....)..#†#.#.#.##
#...........#####
#############
####### ......#
######.# ......#
#..@...# ......#
###.####.# ......#
#......# ......#
#......#
......######...#..#
......'....#(..#..#
......####.#...#..#
....#....#.#...#..#
###.#.##.#.#...#..#


There were no monsters in sight!

Vanquished Creatures
  3 adders (D:2)
  4 giant geckos
  4 bats
  2 giant cockroaches
  7 hobgoblins
  3 jackals (D:2)
  3 giant newts (D:1)
  5 goblins
  8 kobolds
  5 rats
44 creatures vanquished.

Notes
Turn   | Place    | Note
--------------------------------------------------------------
     0 | D:1      | urechis the Gargoyle Wizard began the quest for the Orb.
     0 | D:1      | Reached XP level 1. HP: 10/10 MP: 4/4
   570 | D:1      | Reached XP level 2. HP: 15/15 MP: 4/6
   980 | D:1      | Reached XP level 3. HP: 16/19 MP: 5/7
  1768 | D:2      | Reached XP level 4. HP: 24/24 MP: 4/9
  1876 | D:2      | Quit the game

Vault maps used:
D:1:      minmay_arrival_nine_rooms
D:2:      minmay_misc_feat_plants, roderic_malta_cross, st_stairs_9,
          kennysheep_generic_room_6

Action                   |  1- 3 |  4- 6 || total
-------------------------+-------+-------++-------
Melee: Unarmed           |    13 |       ||    13
       Whip              |    61 |       ||    61
       Dagger            |    11 |    13 ||    24
 Cast: Magic Dart        |    57 |       ||    57
 Stab: Sleeping          |     2 |       ||     2
  Eat: Chunk             |     2 |       ||     2
